 Dungeon Crawl Stone Soup version 0.22-a0-409-gb855193 (webtiles) character file.

361 KristoblXynda the Slasher (level 6, -2/48 HPs)
             Began as a Draconian Gladiator on May 10, 2018.
             Was an Initiate of Ashenzari.
             Splashed by an orc's acid (13 damage)
             ... on level 4 of the Dungeon.
             The game lasted 00:05:48 (2788 turns).

KristoblXynda the Slasher (Draconian Gladiator)     Turns: 2788, Time: 00:05:51

Health: -2/48      AC:  7    Str: 16    XL:     6   Next: 38%
Magic:  6/6        EV: 14    Int: 16    God:    Ashenzari [......]
Gold:   105        SH:  0    Dex: 13    Spells: 5/5 levels left

rFire    . . .     SeeInvis .   a - +0 long sword
rCold    + . .     Gourm    .   (no shield)
rNeg     . . .     Faith    .   (armour unavailable)
rPois    .         Spirit   .   b - +0 hat
rElec    .         Reflect  .   (no cloak)
rCorr    .         Harm     .   e - +0 pair of gloves
MR       .....                  (no boots)
Stlth    +.........             (no amulet)
HPRegen  0.16/turn              g - +6 ring of intelligence (curse)
MPRegen  0.10/turn              (no ring)

@: no status effects
A: unfitting armour, antennae 1, talons 1, cold resistance 1, deterioration 1,
cold-blooded, AC +6
a: Curse Item, Renounce Religion


You were on level 4 of the Dungeon.
You worshipped Ashenzari.
Ashenzari was noncommittal.
You were not hungry.

You visited 1 branch of the dungeon, and saw 4 of its levels.

You collected 105 gold pieces.

Inventory:

Hand Weapons
 a - a +0 long sword (weapon)
Missiles
 c - 3 throwing nets (quivered)
Armour
 b - a +0 hat (worn)
 e - a +0 pair of gloves (worn)
Jewellery
 g - a cursed +6 ring of intelligence (left hand)
Wands
 u - a wand of disintegration (9)
Scrolls
 f - a scroll of noise {unknown}
 h - a scroll of magic mapping {unknown}
 i - a scroll of enchant weapon {unknown}
 m - 2 scrolls of amnesia {unknown}
 o - 2 scrolls of enchant armour {unknown}
 p - a scroll of random uselessness {unknown}
 s - a scroll of immolation {unknown}
 v - 2 scrolls of blinking {unknown}
Potions
 l - a potion of flight
 q - 2 potions of curing
 r - 2 potions of invisibility
 t - 2 potions of ambrosia
Comestibles
 d - 7 rations
 j - 4 chunks of flesh


   Skills:
 - Level 2.1 Fighting
 * Level 6.1 Long Blades
 - Level 2.0 Throwing
 + Level 4.3 Dodging


You had 5 spell levels left.
You didn't know any spells.

Dungeon Overview and Level Annotations

Branches:
Dungeon (4/15)
 Temple: D:4-7

Altars:
Ashenzari
Yredelemnul


Innate Abilities, Weirdness & Mutations

Your plain brown scales are hard. (AC +6)
You cannot fit into any form of body armour.
You are cold-blooded and may be slowed by cold attacks.
You have a pair of small antennae on your head.
You have sharp toenails.
Your flesh is cold resistant. (rC+)
Your body sometimes deteriorates upon taking damage.


Message History

An orc comes into view. It is wielding a club.
Unknown command.
An orc comes into view.
Ashenzari warns you: It is carrying a wand of acid (8).
Things that are here:
an uncursed rapier; an uncursed leather armour The orc shouts!
The orc shouts!
You hear a shout!
You hit the orc but do no damage. The orc closely misses you.
You riposte.
You hit the orc.
The orc is moderately wounded.
You slash the orc!
You kill the orc!
You hit the orc but do no damage. You claw the orc.
You tail-slap the orc, but do no damage.
The orc is heavily wounded.
The orc zaps a wand.
The bolt of acid hits you!
* * * LOW HITPOINT WARNING * * *
You are splashed with acid!
The acid burns!
You die...

#.#....>..# #
#.....#.#.#
####....#.##.
#.........
#...######
#...########
#...........
#######...####..##
.##....o@.).......
.......!..........
..#......)........
#######<..#####.
##.........
#......###
#....#.# #....#.#
#......#


You could see an orc.

Vanquished Creatures
  Eustachio (D:4)
  An orc priest (D:4)
  Terence (D:2)
  A worker ant (D:4)
  7 adders
  3 worms
  2 dart slugs (D:2)
  4 leopard geckos
  5 orcs
  5 giant cockroaches
  5 goblins
  6 hobgoblins
  2 jackals (D:3)
  A ball python (D:3)
  4 bats
  3 frilled lizards
  5 kobolds
  11 rats
67 creatures vanquished.

Notes
Turn   | Place    | Note
-------+----------+-------------------------------------------
     0 | D:1      | KristoblXynda the Draconian Gladiator began the quest for the Orb.
     0 | D:1      | Reached XP level 1. HP: 17/17 MP: 1/1
   155 | D:1      | Found a shattered altar of Ashenzari.
   442 | D:1      | Reached XP level 2. HP: 24/24 MP: 2/2
   565 | D:1      | Became a worshipper of Ashenzari the Shackled
   629 | D:1      | You fall through a shaft!
  1024 | D:2      | Reached XP level 3. HP: 15/29 MP: 3/3
  1063 | D:2      | HP: 1/29 [adder (3)]
  1072 | D:2      | Reached skill level 4 in Long Blades
  1083 | D:2      | HP: 1/29 [poisoned by an adder]
  1374 | D:2      | Noticed Terence
  1408 | D:2      | Killed Terence
  1408 | D:2      | Reached XP level 4. HP: 25/36 MP: 4/4
  1632 | D:3      | Found a basalt altar of Yredelemnul.
  2209 | D:3      | Reached XP level 5. HP: 41/41 MP: 5/5
  2271 | D:3      | Reached skill level 5 in Long Blades
  2338 | D:4      | Noticed Eustachio
  2770 | D:4      | Gained mutation: Your body sometimes deteriorates upon taking damage. [potion of mutation]
  2770 | D:4      | Gained mutation: You have sharp toenails. [potion of mutation]
  2770 | D:4      | Gained mutation: Your flesh is cold resistant. (rC+) [potion of mutation]
  2770 | D:4      | Gained mutation: You have a pair of small antennae on your head. [potion of mutation]
  2782 | D:4      | Killed Eustachio
  2782 | D:4      | Reached skill level 6 in Long Blades
  2782 | D:4      | Reached XP level 6. HP: 17/48 MP: 6/6
  2788 | D:4      | Splashed by an orc's acid

Vault maps used:
D:1:      giann_bridges, nicolae_ashenzari_panopticon
D:2:      uniq_terence
D:3:      nicolae_overflow_crystal_walls, first_ration
D:4:      uniq_eustachio

Skill      XL: |  1  2  3  4  5 |
---------------+----------------+-----
Throwing       | 2 |  2.0
Dodging        | 3 4 |  4.3
Long Blades    | 4 6 |  6.1
Fighting       | |  2.1

Action                   |  1- 3 |  4- 6 || total
-------------------------+-------+-------++-------
Melee: Long sword        |    72 |   106 ||   178
       Tailslap          |     9 |    22 ||    31
       Kick              |       |     3 ||     3
Invok: Curse Item        |       |     1 ||     1
Evoke: Wand              |       |     5 ||     5
  Use: Potion            |     1 |     2 ||     3
       Scroll            |       |     4 ||     4
 Stab: Sleeping          |     3 |     4 ||     7
       Distracted        |       |     1 ||     1
  Eat: Chunk             |     1 |     5 ||     6
Armor: Skin              |    23 |    53 ||    76
Dodge: Dodged            |    50 |   123 ||   173
       Rpst.: Long sword |    24 |    36 ||    60

Table legend:
 A = Spawn XP
 B = Non-spawn XP
 C = Spawn XP percentage of total XP
 D = Spawn monster count
 E = Non-spawn monster count
 F = Spawn count percentage of total count
 G = Total turns spent on level
                    A         B        C        D         E        F      G
               +---------+---------+-------+---------+---------+-------+---------
         Total |       0 |     517 |   0.0 |       0 |      67 |   0.0 |  2788
               +---------+---------+-------+---------+---------+-------+---------
           D:1 |       0 |      13 |   0.0 |       0 |       9 |   0.0 |   629
           D:2 |       0 |      93 |   0.0 |       0 |      22 |   0.0 |  1000
           D:3 |       0 |     117 |   0.0 |       0 |      28 |   0.0 |   878
           D:4 |       0 |     294 |   0.0 |       0 |       8 |   0.0 |   281
               +---------+---------+-------+---------+---------+-------+---------
